 Dungeon Crawl Stone Soup version 0.29.0-4-gdea44cf6ec (webtiles) character file.

Game seed: 15333183626046874656

42 qw the Chopper (level 3, 0/21 HPs)
             Began as a Tengu Warper on Aug 28, 2022.
             Slain by an adder (3 damage)
             ... on level 2 of the Dungeon.
             The game lasted 00:00:08 (1202 turns).

qw the Chopper (Tengu Warper)                       Turns: 1202, Time: 00:00:08

Health: 0/21       AC: 10    Str: 13    XL:     3   Next: 54%
Magic:  7/7        EV:  3    Int: 13    God:
Gold:   94         SH:  0    Dex: 13    Spells: 6/6 levels left

rFire   . . .      SeeInvis .   Y - +0 war axe
rCold   . . .      Faith    .   (no shield)
rNeg    . . .      Spirit   .   h - +0 plate armour
rPois   .          Reflect  .   (helmet restricted)
rElec   .          Harm     .   (no cloak)
rCorr   .          Rampage  .   (no gloves)
Will    .....                   (boots unavailable)
Stlth   ..........              (no amulet)
HPRegen 0.07/turn               (no ring)
MPRegen 0.10/turn               (no ring)

@: lethally poisoned (0 -> -1), about to teleport
A: beak, talons 3
a: no special abilities


You were on level 2 of the Dungeon.
You visited 1 branch of the dungeon, and saw 2 of its levels.

You collected 94 gold pieces.


Innate Abilities, Weirdness & Mutations

You have a beak for a mouth.
You have claws for feet.


   Skills:
 - Level 2.0 Fighting
 - Level 4.0 Axes
 - Level 1.0 Throwing
 + Level 1.7 Armour
 - Level 2.1 Dodging
 - Level 2.0 Spellcasting
 - Level 2.4 Translocations


You had 6 spell levels left.
You didn't know any spells.
Your spell library contained the following spells:

 Spells                   Type           Power      Damage    Failure   Level
 Blink                    Tloc           14%        N/A       100%        2
 Gell's Gravitas          Tloc           7%         N/A       100%        3
 Lesser Beckoning         Tloc           7%         N/A       100%        3
 Teleport Other           Tloc           7%         N/A       100%        3
 Manifold Assault         Tloc           7%         N/A       100%        5

Inventory:

Hand Weapons
 e - a +0 mace
 Y - a +0 war axe (weapon)
Armour
 h - a +0 plate armour (worn)
Scrolls
 b - 2 scrolls of magic mapping {unknown}
Potions
 a - a potion of heal wounds {unknown}
 d - a potion of haste {unknown}

Dungeon Overview and Level Annotations

Branches:
Dungeon (2/15)

Altars:

Shops:
D:1 :


Message History

The goblin wields a +0 sling of freezing.
It is covered in frost.
The goblin shoots a sling bullet.
The sling bullet hits you but does no damage.
1193 ||| Stepping ~*~*~tactically~*~*~ (hiding).
The adder hisses angrily.
You closely miss the goblin. Your peck misses the goblin.
The goblin unwields a +0 sling of freezing.
The goblin wields a +0 dagger.
The goblin hits you but does no damage.
You miss the adder. Your kick misses the adder. You hit the goblin.
The adder bites you. The goblin hits you but does no damage.
The adder bites you.
You are poisoned.
The adder poisons you!
You barely miss the goblin. Your kick misses the goblin.
The goblin is severely wounded.
You closely miss the adder.
You feel sick. The goblin hits you but does no damage. The adder bites you.
The goblin hits you but does no damage.
You miss the goblin.
The goblin is severely wounded.
You miss the adder.
You feel sick.
The adder bites you but does no damage. x2
The goblin hits you but does no damage.
You slash the goblin!
You kill the goblin!
You miss the adder.
You feel sick.
You are no longer poisoned.
The adder bites you but does no damage. The adder bites you.
You are poisoned.
The adder poisons you!
You barely miss the adder. Your peck misses the adder.
You feel sick. The adder bites you but does no damage.
You barely miss the adder. Your peck misses the adder.
You feel sick.
The adder bites you but does no damage. x2
1202 ||| READING scroll of teleportation.
As you read the scroll of teleportation, it crumbles to dust.
You feel strangely unstable.
You feel sick. The adder bites you.
You die...

###########.########
...................
........#..########
#.....#.## #.......#
#.###..## #.#...##
#...### #.@##
#.)S.....#
#........#
+>.......#
#........#
#.....?..#
#........#
#........#


You could see an adder.

Vanquished Creatures
  An adder (D:2)
  A dart slug (D:2)
  4 endoplasms
  2 giant cockroaches (D:1)
  3 goblins
  3 hobgoblins
  5 kobolds
  2 quokkas (D:1)
  A ball python (D:1)
  A bat (D:2)
  2 frilled lizards
  3 rats
28 creatures vanquished.

Notes
Turn   | Place    | Note
-------+----------+-------------------------------------------
     0 | D:1      | qw the Tengu Warper began the quest for the Orb.
     0 | D:1      | Reached XP level 1. HP: 12/12 MP: 4/4
     0 | D:1      | 0 ||| qw: Version: 0.1-a-89-g26bdef1
     0 | D:1      | 0 ||| qw: Game counter: 655
     0 | D:1      | 0 ||| qw: Always use a shield: true
     0 | D:1      | 0 ||| qw: God list: Okawaru
     0 | D:1      | 0 ||| qw: Allow faded altars: false
     0 | D:1      | 0 ||| qw: Do Orc after D:15 true
     0 | D:1      | 0 ||| qw: Do second Lair branch before Depths: true
     0 | D:1      | 0 ||| qw: Lair rune preference: random
     0 | D:1      | 0 ||| qw: Plans: Normal
     0 | D:1      | 0 ||| PLANNING D:1-11
    44 | D:1      | 44 ||| Stepping ~*~*~tactically~*~*~ (stealth).
    46 | D:1      | 46 ||| Stepping ~*~*~tactically~*~*~ (stealth).
   209 | D:1      | Reached XP level 2. HP: 17/17 MP: 6/6
   224 | D:1      | Reached skill level 3 in Axes
   552 | D:1      | 552 ||| SWAPPING to +0 war axe.
   553 | D:1      | 553 ||| DROPPING +0 hand axe.
   565 | D:1      | Found a faded altar of an unknown god.
   642 | D:1      | Found Mutrev's Book Shoppe.
   771 | D:1      | 771 ||| UPGRADING to +0 plate armour.
   781 | D:1      | 781 ||| DROPPING +0 leather armour.
   782 | D:1      | 782 ||| READING 2 scrolls labelled KAHETOUQAU.
   786 | D:1      | 786 ||| DRINKING 2 grey potions.
   787 | D:1      | 787 ||| DROPPING scroll of blinking.
   788 | D:1      | 788 ||| DROPPING potion of brilliance.
   865 | D:2      | 865 ||| Stepping ~*~*~tactically~*~*~ (stealth).
   871 | D:2      | Reached skill level 4 in Axes
   871 | D:2      | Reached XP level 3. HP: 21/21 MP: 7/7
   871 | D:2      | 871 ||| Stepping ~*~*~tactically~*~*~ (hiding).
   909 | D:2      | 909 ||| Stepping ~*~*~tactically~*~*~ (stealth).
  1193 | D:2      | 1193 ||| Stepping ~*~*~tactically~*~*~ (hiding).
  1201 | D:2      | HP: 4/21 [poisoned by an adder]
  1202 | D:2      | 1202 ||| READING scroll of teleportation.
  1202 | D:2      | Slain by an adder

Levels and vault maps discovered:
D:1:      minmay_arrival_shattered_statue, layout_rooms, serial_shops,
          nicolae_shop_trees, ebering_ecumenical_altar_hall
D:2:      layout_basic, uniq_terence, uniq_jessica

Skill      XL: |  1  2 |
---------------+-------+-----
Axes           | 4 |  4.0
Fighting       | |  2.0
Throwing       | |  1.0
Armour         | |  1.7
Dodging        | |  2.1
Spellcasting   | |  2.0
Translocations | |  2.4

Action                   || total
-------------------------++-------
Melee: Hand axe          ||    28
       Kick              ||     7
       Peck              ||     7
       War axe           ||    44
Throw: Boomerang         ||     7
  Use: Scroll            ||     2
       Potion            ||     1
Armor: Leather armour    ||     5
       Plate armour      ||    35
Dodge: Dodged            ||    17

Table legend:
 A = Non-vault XP
 B = Vault XP
 C = Vault XP percentage of total XP
 D = Non-vault monster count
 E = Vault monster count
 F = Vault count percentage of total count
                 A         B        C        D         E       F
            +---------+---------+-------+---------+---------+-------
      Total |      60 |       0 |   0.0 |      28 |       0 |   0.0
            +---------+---------+-------+---------+---------+-------
        D:1 |      28 |       0 |   0.0 |      17 |       0 |   0.0
        D:2 |      32 |       0 |   0.0 |      11 |       0 |   0.0
            +---------+---------+-------+---------+---------+-------
